Map: Dusk Towers

Players

고구려

  • Race: Protoss Protoss
  • League: Diamond

ILLBdA - Winner!

  • Race: Protoss Protoss
  • League: Diamond

VOD

Have the link to the VOD?

Description

Time

  • Played on: Dec. 13, 2015, 6:21 a.m.
  • Length: 4:06
Show
View Real Time Build Order
Export as new Build Order

고구려 Protoss 

Build Orders: Nexus First 

Get SALT Encoding   

  12  0:02  Probe (Chrono Boost)  
  13  0:13  Probe (Chrono Boost)  
  14  0:19  Pylon  
  14  0:23  Probe (Chrono Boost)  
  15  0:37  Probe (Chrono Boost)  
  16  0:48  Probe (Chrono Boost)  
  17  0:59  Nexus  
  17  1:08  Gateway  
  17  1:16  Assimilator  
  17  1:32  Probe (Chrono Boost)  
  18  1:44  Forge  
  18  1:47  Pylon  
  18  2:06  Zealot (Chrono Boost)  
  15  2:34  Probe  
  16  2:48  Probe  
  17  3:02  Probe  
  18  3:23  Pylon  
  18  3:44  Photon Cannon  
  18  3:45  Photon Cannon  
Show
View Real Time Build Order
Export as new Build Order

ILLBdA Protoss - Winner!

Build Orders:  

Get SALT Encoding   

  12  0:01  Probe (Chrono Boost)  
  13  0:11  Probe (Chrono Boost)  
  14  0:22  Pylon  
  14  0:23  Probe (Chrono Boost)  
  15  0:41  Probe (Chrono Boost), Forge  
  16  0:51  Probe (Chrono Boost)  
  17  1:02  Probe (Chrono Boost)  
  18  1:13  Probe (Chrono Boost)  
  18  1:14  Pylon  
  18  1:15  Pylon  
  18  1:16  Pylon  
  19  1:33  Photon Cannon  
  19  1:45  Pylon  
  19  1:49  Probe (Chrono Boost)  
  20  2:01  Probe (Chrono Boost)  
  20  2:04  Photon Cannon  
  20  2:05  Photon Cannon  
  20  2:16  Photon Cannon  
  21  2:23  Probe (Chrono Boost)  
  21  2:33  Probe (Chrono Boost), Gateway  
  21  2:35  Assimilator  
  22  2:39  Photon Cannon  
  22  2:40  Gateway  
  22  2:44  Probe (Chrono Boost)  
  23  2:54  Probe (Chrono Boost)  
  23  2:57  Pylon  
  24  3:04  Photon Cannon  
  24  3:07  Photon Cannon  
  24  3:08  Photon Cannon  
  24  3:12  Pylon  
  24  3:21  Pylon  
  24  3:23  Probe (Chrono Boost)  
  25  3:32  Pylon  
  25  3:33  Probe (Chrono Boost)  
  26  3:37  Photon Cannon  
  26  3:44  Probe (Chrono Boost)  
Tags
 
Matchup
PvP
Replay Pack
me
Add a new tag
Caveats
  • Supply blocks, unpowered buildings, or Contaminate may cause inaccurate times.
  • Supply counts are checked every 10 seconds.